Map: Whirlwind LE (Void)

Players

TwoGunMojo - Winner!

  • Race: Terran Terran
  • League: Gold
  • Spawn Location: 1:00

Fropez

  • Race: Protoss Protoss
  • League: Gold
  • Spawn Location: 7:00

VOD

Have the link to the VOD?

Description

Time

  • Played on: Jan. 9, 2017, 3:47 p.m.
  • Length: 11:28
Show
View Real Time Build Order
Export as new Build Order

TwoGunMojo Terran - Winner!

Build Orders: Reaper Expand 

Get SALT Encoding   

  12  0:00  SCV  
  13  0:13  SCV  
  14  0:18  Supply Depot  
  14  0:25  SCV  
  15  0:40  SCV  
  15  0:42  Barracks  
  16  0:45  Refinery  
  16  0:52  SCV  
  17  1:04  SCV  
  18  1:16  SCV  
  19  1:30  Orbital Command  
  19  1:32  Reaper  
  20  2:00  Command Center  
  20  2:02  SCV  
  21  2:15  SCV  
  22  2:19  Factory  
  22  2:27  SCV  
  22  2:29  Supply Depot  
  23  2:44  Refinery  
  23  2:48  SCV  
  23  3:00  SCV  
  24  3:12  SCV, Barracks Tech Lab  
  25  3:15  Barracks  
  24  3:22  Orbital Command  
  24  3:24  SCV  
  25  3:34  Starport  
  25  3:36  Stimpack  
  25  3:37  Marine  
  25  3:39  SCV  
  27  3:53  SCV x2  
  27  3:55  Marine  
  30  4:02  Barracks  
  30  4:03  Barracks Reactor  
  30  4:05  SCV, Widow Mine  
  30  4:07  SCV  
  34  4:17  SCV  
  34  4:18  Supply Depot  
  34  4:21  Supply Depot  
  35  4:29  SCV x2  
  37  4:32  Marine  
  37  4:33  Starport Reactor  
  38  4:41  SCV x2, Barracks  
  38  4:42  Barracks  
  40  4:50  Marine  
  41  4:53  SCV  
  42  5:00  Marine x2  
  42  5:02  Barracks Reactor  
  42  5:05  SCV x2  
  46  5:08  Marauder  
  46  5:11  Supply Depot  
  46  5:12  Supply Depot  
  48  5:17  SCV, Medivac x2  
  48  5:18  Marine x2, SCV  
  56  5:23  Engineering Bay  
  56  5:24  Engineering Bay  
  56  5:29  Marine, SCV  
  56  5:30  SCV  
  59  5:37  Supply Depot  
  59  5:39  Barracks Reactor x2  
  59  5:41  SCV  
  59  5:42  Marine x3, SCV  
  64  5:47  Marauder  
  66  5:53  SCV  
  66  5:54  SCV  
  68  6:02  Terran Infantry Weapons Level 1  
  68  6:03  Terran Infantry Armor Level 1  
  68  6:05  SCV  
  68  6:06  Marine x2, SCV  
  72  6:22  SCV  
  73  6:31  Marine x3, Marauder  
  78  6:39  SCV  
  79  6:40  Marine x5  
  79  6:42  Medivac  
  86  7:05  Refinery  
  86  7:07  Command Center  
  86  7:10  Refinery  
  86  7:53  Marine x8, SCV, Medivac  
  86  7:54  Supply Depot, Marauder  
  86  7:55  Supply Depot x2  
  99  8:03  Armory  
  99  8:11  Marine x4  
  99  8:12  Marine  
  102  8:14  Marine  
  102  8:16  Marine x2, Marauder  
  99  8:28  Marine x3  
  99  8:29  Marine  
  99  8:30  Marine  
  99  8:31  Marine  
  101  8:37  Marauder  
  101  8:40  Marine x2  
  102  8:42  SCV  
  102  8:45  Planetary Fortress  
  102  8:46  Marine  
  104  8:50  Missile Turret  
  104  8:51  Command Center  
  104  8:57  Marine x2  
  104  8:58  Marine x4  
  104  8:59  Marauder  
  104  9:01  SCV  
  104  9:02  Terran Infantry Armor Level 2, Terran Vehicle Weapons Level 1, Terran Infantry Weapons Level 2  
  113  9:05  Marine x2  
  115  9:15  Marine  
  116  9:20  Marauder  
  116  9:23  Marine x4  
  116  9:24  Marine, SCV  
  123  9:26  Widow Mine  
  123  9:28  Marine x2  
  128  9:33  Marine  
  128  9:35  Barracks  
  129  9:42  Marauder  
  129  9:44  SCV, Missile Turret  
  132  9:53  Marine x2  
  132  9:54  Marine  
  132  9:55  Widow Mine  
  132  9:56  SCV  
  138  10:03  Marine x3, Marauder  
  138  10:04  Marine  
  144  10:08  SCV  
  145  10:14  Supply Depot  
  145  10:24  Marauder  
  147  10:34  Marine x2  
  147  10:35  Marine x5  
  146  10:37  Widow Mine  
  138  10:46  Marauder  
  131  10:55  Marine x5  
  129  11:07  Marauder  
Show
View Real Time Build Order
Export as new Build Order

Fropez Protoss 

Build Orders:  

Get SALT Encoding   

  12  0:03  Probe (Chrono Boost)  
  13  0:21  Probe (Chrono Boost)  
  14  0:22  Pylon  
  14  0:34  Probe (Chrono Boost)  
  15  0:50  Probe (Chrono Boost)  
  16  1:05  Gateway  
  16  1:08  Probe (Chrono Boost)  
  17  1:23  Probe (Chrono Boost), Assimilator  
  17  1:25  Nexus  
  18  1:30  Assimilator  
  18  1:33  Probe (Chrono Boost)  
  19  1:46  Probe (Chrono Boost)  
  20  1:55  Cybernetics Core  
  20  2:04  Probe (Chrono Boost)  
  21  2:22  Probe (Chrono Boost)  
  21  2:32  Gateway  
  21  2:34  Warp Gate  
  21  2:36  Mothership Core (Chrono Boost)  
  23  2:39  Adept  
  25  2:44  Probe (Chrono Boost)  
  25  2:51  Pylon  
  26  2:54  Probe (Chrono Boost)  
  26  3:00  Probe (Chrono Boost)  
  26  3:16  Probe (Chrono Boost)  
  26  3:17  Probe (Chrono Boost)  
  29  3:27  Probe x2 (Chrono Boost)  
  30  3:37  Probe (Chrono Boost)  
  31  3:43  Probe (Chrono Boost)  
  31  3:48  Probe (Chrono Boost)  
  33  3:50  Assimilator  
  33  3:54  Probe (Chrono Boost)  
  34  3:59  Probe (Chrono Boost)  
  35  4:04  Adept x2, Probe (Chrono Boost)  
  35  4:07  Pylon  
  40  4:12  Pylon  
  40  4:15  Assimilator  
  40  4:18  Pylon, Probe (Chrono Boost)  
  40  4:19  Probe (Chrono Boost)  
  40  4:23  Pylon  
  42  4:26  Pylon  
  42  4:28  Probe (Chrono Boost)  
  44  4:31  Probe (Chrono Boost)  
  44  4:39  Probe (Chrono Boost)  
  44  4:41  Pylon  
  44  4:44  Probe (Chrono Boost)  
  46  4:46  Pylon  
  46  4:47  Pylon  
  46  4:50  Probe (Chrono Boost)  
  45  5:10  Probe (Chrono Boost)  
  45  5:12  Probe (Chrono Boost)  
  47  5:15  Adept x2  
  47  5:21  Probe (Chrono Boost)  
  52  5:24  Probe (Chrono Boost)  
  53  5:31  Probe (Chrono Boost)  
  53  5:33  Pylon  
  53  5:36  Probe (Chrono Boost)  
  53  5:37  Stalker x2  
  58  5:46  Twilight Council  
  57  5:52  Robotics Facility  
  57  5:54  Pylon  
  57  5:55  Probe (Chrono Boost)  
  58  6:07  Nexus  
  58  6:09  Resonating Glaives  
  58  6:17  Stalker  
  60  6:26  Adept  
  62  6:34  Probe (Chrono Boost)  
  62  6:35  Probe (Chrono Boost)  
  62  6:36  Pylon  
  64  6:41  Pylon  
  64  6:44  Gateway  
  64  6:45  Pylon  
  64  6:46  Pylon  
  64  6:51  Probe (Chrono Boost)  
  64  6:52  Probe (Chrono Boost)  
  66  6:54  Warp Prism  
  66  6:57  Adept x2  
  70  7:19  Gateway  
  70  7:23  Gateway  
  70  7:24  Adept  
  70  7:25  Adept  
  74  7:36  Probe (Chrono Boost), Forge  
  76  7:37  Forge  
  76  7:38  Probe x2 (Chrono Boost)  
  76  7:42  Forge  
  77  7:46  Pylon  
  77  7:47  Probe (Chrono Boost), Immortal  
  82  8:00  Pylon  
  82  8:01  Pylon  
  82  8:02  Adept  
  82  8:03  Adept  
  86  8:07  Assimilator  
  86  8:08  Probe (Chrono Boost)  
  86  8:10  Adept  
  78  8:25  Adept  
  78  8:26  Adept  
  80  8:36  Adept  
  80  8:40  Pylon  
  80  8:45  Gateway  
  78  8:54  Adept x2  
  80  8:57  Mothership Core (Chrono Boost)  
  80  8:59  Immortal  
  80  9:01  Adept  
  88  9:13  Protoss Ground Weapons Level 1, Protoss Ground Armor Level 1  
  88  9:14  Protoss Shields Level 1  
  88  9:20  Adept x2  
  90  9:26  Adept  
  90  9:29  Probe (Chrono Boost)  
  90  9:30  Probe (Chrono Boost)  
  92  9:32  Nexus  
  92  9:36  Pylon  
  92  9:39  Probe (Chrono Boost)  
  92  9:42  Probe (Chrono Boost), Immortal  
  98  9:56  Adept x4  
  106  10:18  Pylon  
  106  10:19  Pylon  
  106  10:21  Adept x4  
  108  10:22  Pylon  
  93  10:43  Adept x4  
  68  11:13  Adept x4  
Tags
 
Add a new tag
Caveats
  • Supply blocks, unpowered buildings, or Contaminate may cause inaccurate times.
  • Supply counts are checked every 10 seconds.